 Dungeon Sprint DCSS version 0.21-a0-400-g417d9d2 (webtiles) character file.

4421 Amnesiac the Covert (level 10, -13/63 HPs)
             Began as a Demonspawn Earth Elementalist on Oct 20, 2017.
             Was a High Priest of Dithmenos.
             Mangled by a 12-headed hydra (16 damage)
             ... while paralysed by a floating eye
             ... in the Dungeon (Sprint I: "Red Sonja").
             The game lasted 00:08:21 (1768 turns).

Amnesiac the Covert (Demonspawn Earth Elementalist) Turns: 1768, Time: 00:08:22

Health: -13/63     AC:  7    Str:  5    XL:     10   Next: 14%
Magic:  0/13       EV:  2    Int: 16    God:    Dithmenos [*****.]
Gold:   148        SH:  0    Dex: 18    Spells: 11/13 levels left

rFire    . . .     SeeInvis .   s - +1 short sword (distort)
rCold    . . .     Gourm    .   l - +2 shield
rNeg     . . .     Faith    .   q - +0 leather armour (curse)
rPois    .         Spirit   +   (no helmet)
rElec    .         Reflect  .   (no cloak)
rCorr    .         Harm     .   p - +0 pair of gloves
MR       .....     NoTele   +   o - +0 pair of boots
Stlth    +++++++++.             (no amulet)
HPRegen  0.20/turn              t - -3 ring of strength (curse)
MPRegen  0.26/turn              (no ring)

@: paralysed, wreathed by umbra
A: iridescent scales 1, powered by death 1, magic shield, magic regeneration
a: Shadow Step, Shadow Form, Renounce Religion


You were in the Dungeon.
You worshipped Dithmenos.
Dithmenos was extremely pleased with you.
You were not hungry.

You visited 1 branch You collected 725 gold pieces.
You spent 577 gold pieces at shops.

Inventory:

Hand Weapons
 a - a +0 dagger
 r - a -3 blowgun
 s - a +1 short sword of distortion (weapon)
Missiles
 b - 24 stones (quivered)
 m - 14 poisoned needles
 n - 4 curare-tipped needles
Armour
 c - a +0 buckler
 i - a +1 robe of positive energy
 l - a +2 shield (worn)
 o - a +0 pair of boots (worn)
 p - a +0 pair of gloves (worn)
 q - a cursed +0 leather armour (worn)
Jewellery
 t - a cursed -3 ring of strength (left hand)
Potions
 e - a potion of curing {!q}
 f - a potion of heal wounds {!q}
 g - a potion of haste {!q}
 h - 2 potions of magic {!q}
Books
 k - a book of Geomancy

   Spells                             Type                      Level
   a - Sandblast                      Earth                        1
   b - Passwall                       Transmutation/Earth          2
   c - Stone Arrow                    Conjuration/Earth            3
   d - Petrify                        Transmutation/Earth          4
   e - Lee's Rapid Deconstruction     Earth                        5


   Skills:
 - Level 12.2 Short Blades
 - Level 1.7 Dodging
 - Level 14.0 Stealth
 - Level 12.5 Shields
 + Level 2.0 Spellcasting
 - Level 0.8 Transmutations
 * Level 2.6 Earth Magic


You had 11 spell levels left.
You knew the following spells:

 Your Spells              Type           Power        Failure   Level  Hunger
b - Passwall              Tmut/Erth      #.........   34%         2    ###....


Dungeon Overview and Level Annotations

Branches:
Dungeon (1/1)

Altars:
Cheibriados
Dithmenos
Elyvilon
Fedhas
Gozag
Hepliaklqana
Kikubaaqudgha
Makhleb
Nemelex Xobeh
Okawaru
Qazlal
Ru
Sif Muna
Trog
Uskayaw
Vehumet
Wu Jian
Xom
Yredelemnul
Zin
The Shining One
Jiyva
Lugonu

Shops:
D [[


Innate Abilities, Weirdness & Mutations

You are partially covered in iridescent scales. (AC +2)
You regenerate a little health from kills.
When hurt, damage is shared between your health and your magic reserves.
You regenerate magic rapidly.


Message History

You swing at nothing.
What are your orders? t - Shout!
Orders for allies: a - Attack new target. r - Retreat! s - Stop attacking. g - Guard the area. f - Follow me.
Anything else - Cancel.
You shout for attention!
You swing at nothing.
You swing at nothing.
You swing at nothing.
You swing at nothing.
You swing at nothing.
You swing at nothing.
You swing at nothing.
You swing at nothing.
You swing at nothing.
You swing at nothing.
You swing at nothing.
You swing at nothing.
You swing at nothing.
You are engulfed in noxious fumes.
You choke on the stench!
You are confused.
There is an open door here.
You feel less confused.
There is an open door here.
Really walk into a travel-excluded area?
Okay, then.
You start waiting.
Unknown command.
Casting: Passwall
Confirm with . or Enter, or press ? or * to list all spells.
Which direction?
You begin to meditate on the wall.
You continue meditating on the rock. x2
You finish merging with the rock.
Unknown command.
The 12-headed hydra roars!
The floating eye turns its gaze towards you.
You hit the 12-headed hydra.
The 12-headed hydra is lightly wounded.
The 12-headed hydra blinks!
Unknown command.
The floating eye gazes piercingly through you!
You suddenly lose the ability to move!
The 12-headed hydra bites you! x3; The 12-headed hydra bites you.
* * * LOW HITPOINT WARNING * * *
The 12-headed hydra bites you.
* * * LOW HITPOINT WARNING * * *
The 12-headed hydra bites you but does no damage.
The 12-headed hydra bites you.
* * * LOW HITPOINT WARNING * * *
The 12-headed hydra bites you!
* * * LOW HITPOINT WARNING * * *
The 12-headed hydra bites you but does no damage.
The 12-headed hydra bites you!
* * * LOW HITPOINT WARNING * * *
The 12-headed hydra barely misses you.
The 12-headed hydra bites you but does no damage.
The 12-headed hydra bites you.
* * * LOW HITPOINT WARNING * * *
The 12-headed hydra bites you!
* * * LOW HITPOINT WARNING * * *
The 12-headed hydra bites you!
You die...

###########################
_#..+..)#).#§§§§@D§§§§DG§$#
.+..#...##'#§####G§§§.##§.+
_####)..+..#§#.###§§.## ###
## #####..+§#'#$###+# ?$##
##'####..$#y#§##$$$#
#..^^§#..$###§§###$#
#..§..'..$$$##.#A#$#
###§§.#..§..#..###$#
#^..###''##.##..$#


You could see a 12-headed hydra and a floating eye.

Vanquished Creatures
  Sonja (D)
  A lindwurm (D)
  2 kobold demonologists (D)
  3 demonic crawlers (D)
  A slime creature (D)
  Sigmund (D)
  A yak (D)
  8 hogs (D)
  A floating eye (D)
  An ogre (D)
  A jelly (D)
  Ijyb (D)
22 creatures vanquished.

Vanquished Creatures (others)
  2 gargoyles (D)
  2 hogs (D)
4 creatures vanquished.

Grand Total: 26 creatures vanquished

Notes
Turn   | Place    | Note
-------+----------+-------------------------------------------
     0 | D        | Amnesiac the Demonspawn Earth Elementalist began the quest for the Orb.
     0 | D        | Reached XP level 1. HP: 13/13 MP: 3/3
     1 | D        | Noticed Ijyb
    18 | D        | Killed Ijyb
    18 | D        | Reached skill level 6 in Stealth
    18 | D        | Gained mutation: You are partially covered in iridescent scales. (AC +2) [demonic ancestry]
    18 | D        | Reached XP level 2. HP: 18/19 MP: 3/5
   119 | D        | Learned a level 2 spell: Passwall
   190 | D        | Noticed Sigmund
   192 | D        | Killed Sigmund
   192 | D        | Reached XP level 3. HP: 24/24 MP: 1/6
   192 | D        | Reached XP level 4. HP: 30/30 MP: 1/7
   192 | D        | Reached XP level 5. HP: 35/35 MP: 1/8
   248 | D        | Killed a gargoyle
   254 | D        | Noticed an ogre
   254 | D        | Killed an ogre
   254 | D        | Reached skill level 8 in Stealth
   254 | D        | Reached XP level 6. HP: 41/41 MP: 4/9
   318 | D        | Found a stormy altar of Qazlal.
   318 | D        | Found a blossoming altar of Fedhas.
   318 | D        | Found a bloodstained altar of Trog.
   318 | D        | Found an iron altar of Okawaru.
   318 | D        | Found a glowing golden altar of the Shining One.
   318 | D        | Found Ligyrhaisk's Antique Armour Emporium.
   318 | D        | Found a glowing silver altar of Zin.
   318 | D        | Found an ancient bone altar of Kikubaaqudgha.
   318 | D        | Found a white marble altar of Elyvilon.
   318 | D        | Found a hazy altar of Hepliaklqana.
   318 | D        | Found a hide-covered altar of Uskayaw.
   318 | D        | Found a basalt altar of Yredelemnul.
   318 | D        | Found a sparkling altar of Nemelex Xobeh.
   318 | D        | Found an opulent altar of Gozag.
   318 | D        | Found a snail-covered altar of Cheibriados.
   318 | D        | Found a sacrificial altar of Ru.
   318 | D        | Found a shadowy altar of Dithmenos.
   318 | D        | Noticed a yak
   318 | D        | Killed a yak
   318 | D        | Reached skill level 10 in Stealth
   323 | D        | Became a worshipper of Dithmenos the Shadowed
   329 | D        | Found a deep blue altar of Sif Muna.
   329 | D        | Found a radiant altar of Vehumet.
   329 | D        | Found an ornate altar of the Wu Jian Council.
   461 | D        | Bought a glowing robe for 88 gold pieces
   472 | D        | Bought a buckler for 108 gold pieces
   556 | D        | Found a viscous altar of Jiyva.
   556 | D        | Found a corrupted altar of Lugonu.
   556 | D        | Found a burning altar of Makhleb.
   556 | D        | Found a shimmering altar of Xom.
   556 | D        | Noticed a slime creature
   556 | D        | Killed a slime creature
   556 | D        | Reached skill level 10 in Short Blades
   556 | D        | Reached XP level 7. HP: 46/46 MP: 7/10
   594 | D        | Noticed a kobold demonologist
   594 | D        | Noticed a kobold demonologist
   594 | D        | Killed a kobold demonologist
   594 | D        | Reached * piety under Dithmenos
   595 | D        | Reached skill level 11 in Stealth
   597 | D        | Killed a kobold demonologist
   597 | D        | Reached skill level 12 in Stealth
   597 | D        | Gained mutation: When hurt, damage is shared between your health and your magic reserves. [demonic ancestry]
   597 | D        | Reached XP level 8. HP: 52/52 MP: 8/11
   632 | D        | Noticed a lindwurm
   639 | D        | Killed a lindwurm
   639 | D        | Reached ** piety under Dithmenos
   639 | D        | Reached skill level 14 in Stealth
   755 | D        | Bought a pair of boots for 108 gold pieces
   755 | D        | Bought a pair of gloves for 108 gold pieces
   843 | D        | Noticed Sonja
   843 | D        | Killed Sonja
   843 | D        | Gained mutation: You regenerate magic rapidly. [demonic ancestry]
   843 | D        | Reached XP level 9. HP: 57/57 MP: 7/12
   865 | D        | Found Wesiet's Antique Armour Boutique.
   873 | D        | Bought a shiny shield for 165 gold pieces
   926 | D        | Noticed a demonic crawler
   926 | D        | Noticed a demonic crawler
   926 | D        | Noticed a demonic crawler
   926 | D        | Killed a demonic crawler
   927 | D        | Killed a demonic crawler
   927 | D        | Reached *** piety under Dithmenos
   928 | D        | Killed a demonic crawler
  1006 | D        | Noticed a meliai
  1271 | D        | Reached skill level 10 in Shields
  1273 | D        | Reached **** piety under Dithmenos
  1309 | D        | Gained mutation: You regenerate a little health from kills. [demonic ancestry]
  1309 | D        | Reached XP level 10. HP: 42/63 MP: 9/13
  1317 | D        | Reached ***** piety under Dithmenos
  1503 | D        | Noticed a daeva
  1515 | D        | Noticed a 12-headed hydra
  1607 | D        | Noticed a gargoyle
  1610 | D        | Banished a gargoyle
  1766 | D        | Paralysed by a floating eye for 3 turns
  1768 | D        | HP: 3/63 [12-headed hydra (9)]
  1768 | D        | Mangled by a 12-headed hydra

Vault maps used:
D:        dungeon_sprint_1

Skill      XL: |  1  2  3  4  5  6  7  8  9 10 |
---------------+-------------------------------+-----
Stealth        | 6 8 10 12 14 | 14.0
Short Blades   | 8 10 12 | 12.2
Shields        | 6 11 12 | 12.5
Dodging        | |  1.7
Spellcasting   | |  2.0
Transmutations | |  0.8
Earth Magic    | |  2.6

Action                   |  1- 3 |  4- 6 |  7- 9 | 10-12 || total
-------------------------+-------+-------+-------+-------++-------
Melee: Unarmed           |    14 |       |       |       ||    14
       Dagger            |     1 |     3 |     5 |       ||     9
       Short sword       |       |       |    40 |    23 ||    63
 Cast: Sandblast         |     2 |     4 |       |       ||     6
       Passwall          |     4 |     8 |    24 |     3 ||    39
  Use: Potion            |     1 |       |       |       ||     1
       Scroll            |       |       |     1 |     1 ||     2
 Stab: Sleeping          |     1 |     3 |    13 |       ||    17
  Eat: Chunk             |       |       |     2 |       ||     2
       Bread ration      |       |       |     1 |       ||     1
Armor: Robe              |     2 |     2 |       |       ||     4
       Leather armour    |       |       |     7 |     3 ||    10
Dodge: Dodged            |     3 |       |     5 |     2 ||    10
Block: Shield            |       |       |    10 |     4 ||    14

Table legend:
 A = Spawn XP
 B = Non-spawn XP
 C = Spawn XP percentage of total XP
 D = Spawn monster count
 E = Non-spawn monster count
 F = Spawn count percentage of total count
 G = Total turns spent on level
                    A         B        C        D         E        F      G
               +---------+---------+-------+---------+---------+-------+---------
         Total |       0 |    6317 |   0.0 |       0 |      25 |   0.0 |  1768
               +---------+---------+-------+---------+---------+-------+---------
             D |       0 |    6317 |   0.0 |       0 |      25 |   0.0 |  1768
               +---------+---------+-------+---------+---------+-------+---------
